 Dungeon Crawl Stone Soup version 0.32-a0-913-g739538afd8 (webtiles) character file.

Game seed: 7118851896351288417

592627 BubbleThief the Epochal (level 27, -4/273 HPs)
             Began as a Naga Alchemist on Apr 6, 2024.
             Was an Elder of Cheibriados.
             Killed by divine providence
             ... invoked by a royal mummy
              (11 damage)
             ... on level 16 of a ziggurat on Apr 7, 2024.
             The game lasted 03:41:34 (59591 turns).

BubbleThief the Epochal (Naga Alchemist)           Turns: 59591, Time: 03:41:35

Health: -4/273     AC: 38    Str: 22 (25) XL:     27
Magic:  18/46      EV: 17    Int: 38      God:    Cheibriados [****..]
Gold:   3729       SH: 21    Dex: 23 (25) Spells: 27/64 levels left

rFire   + + +        x - +9 quick blade (venom)
rCold   + . .        Q - +0 kite shield {AC+3}
rNeg    + . .        P - +5 faerie dragon scales {rF+ rCorr Dex+3}
rPois   +            (helmet restricted)
rElec   +            c - +2 cloak
rCorr   +            h - +3 pair of gauntlets of War {Slay+5}
SInv    +            E - +1 barding {rF+}
Will    +++..        R - amulet "Jenyi" {Reflect Fly Str+3 SH+5}
Stlth   ++           H - ring of protection from cold
HPRegen 0.65/turn    L - ring "Qaec" {rElec rF+ rN+}
MPRegen 0.30/turn

%: reflection
@: lethally poisoned (-4 -> -4), attractive, flying, very slightly contaminated,
slowed, studying 2 skills, very slow
A: AC +9, large, see invisible, deformed body, poison resistance, slowness 2,
spit poison 2, naga tail 2, horns 1, noise suppression
}: 3/15 runes: serpentine, barnacled, silver
a: Breathe Poison Gas, Renounce Religion, Bend Time, Temporal Distortion, Slouch


You were on level 16 of a ziggurat.
You worshipped Cheibriados.
Cheibriados was greatly pleased with you.
You visited 8 branches of the dungeon, and saw 39 of its levels.
You visited the Abyss 1 time.
You visited 1 ziggurat, and saw 16 of its levels.
You also visited: Sewer, Ice Cave, Volcano and Wizlab.

You collected 6831 gold pieces.
You spent 3102 gold pieces at shops.

Inventory:

Hand Weapons
 x - a +9 quick blade of venom (weapon)
 B - a +1 quick blade of venom
Missiles
 p - 8 throwing nets
Armour
 c - a +2 cloak (worn)
 h - the +3 pair of gauntlets of War (worn) {Slay+5}
   (You acquired it on level 13 of a ziggurat)

   Slay+5:    It affects your accuracy & damage with ranged weapons and melee
   (+5).
 q - a +2 helmet
 E - a +1 barding of fire resistance (worn)
 J - +0 ice dragon scales
 P - the +5 faerie dragon scales (worn) {rF+ rCorr Dex+3}
   (You took it off the Enchantress on level 1 of the Depths)

   Dex+3:     It affects your dexterity (+3).
   rF+:       It protects you from fire.
   rCorr:     It protects you from acid and corrosion.
 Q - a +0 kite shield of protection (worn)
 Y - the +0 pair of fencer's gloves {Riposte Dex+3}
   (You found it on level 2 of a ziggurat)

   Riposte:   It allows the wearer to riposte with melee weapons, swiftly
   retaliating against missed or blocked melee attacks.
   Dex+3:     It affects your dexterity (+3).
 Z - a scarf of resistance
Jewellery
 k - the ring "Ytupac" {rElec rC+ rN+ Will- AC+4}
   (You found it on level 10 of a ziggurat)

   [ring of protection]

   AC+4:      It affects your AC (+4).
   rC+:       It protects you from cold.
   rElec:     It insulates you from electricity.
   rN+:       It protects you from negative energy.
   Will-:     It decreases your willpower.
 u - an amulet of magic regeneration
 D - an amulet of regeneration
 H - a ring of protection from cold (left hand)
 I - the ring of Etuxesi {Fly rF+ Will+}
   (You found it on level 7 of a ziggurat)

   [ring of flight]

   rF+:       It protects you from fire.
   Will+:     It increases your willpower.
   Fly:       It grants you flight.
 L - the ring "Qaec" (right hand) {rElec rF+ rN+}
   (You found it on level 12 of the Dungeon)

   [ring of protection from fire]

   rF+:       It protects you from fire.
   rElec:     It insulates you from electricity.
   rN+:       It protects you from negative energy.
 M - the ring "Guneodgh" {rF++ rCorr Str+4}
   (You found it on level 12 of the Dungeon)

   [ring of resist corrosion]

   Str+4:     It affects your strength (+4).
   rF++:      It greatly protects you from fire.
   rCorr:     It protects you from acid and corrosion.
 R - the amulet "Jenyi" (around neck) {Reflect Fly Str+3 SH+5}
   (You found it on level 5 of a ziggurat)

   [amulet of reflection]

   Reflect:   It reflects blocked missile attacks.
   Str+3:     It affects your strength (+3).
   Fly:       It grants you flight.
   SH+5:      It affects your SH (+5).
Wands
 S - a wand of charming (9)
 U - a wand of digging (14)
Scrolls
 d - 6 scrolls of revelation
 f - 13 scrolls of fog
 j - 25 scrolls of teleportation
 o - 32 scrolls of identify
 t - 5 scrolls of amnesia
 w - 4 scrolls of enchant weapon
 y - 16 scrolls of blinking
 G - 4 scrolls of fear
 K - 8 scrolls of enchant armour
 N - 5 scrolls of summoning
 O - 5 scrolls of poison
 W - a scroll of brand weapon
Potions
 a - 13 potions of curing
 b - 6 potions of magic
 e - 4 potions of attraction
 g - 3 potions of enlightenment
 i - 10 potions of lignification
 l - 12 potions of mutation
 m - 15 potions of heal wounds
 n - 5 potions of invisibility
 r - 8 potions of ambrosia
 s - 8 potions of might
 v - 3 potions of berserk rage
 z - 3 potions of cancellation
 A - 5 potions of brilliance
 F - a potion of resistance
Miscellaneous
 V - a phantom mirror


   Skills:
 + Level 21.2 Fighting
 - Level 14.0 Short Blades
 + Level 12.3 Armour
 + Level 15.2 Dodging
 - Level 3.0 Stealth
 + Level 18.2 Shields
 - Level 19.0 Spellcasting
 - Level 1.0 Conjurations
 - Level 11.0 Fire Magic
 - Level 11.0 Alchemy
 - Level 24.0 Invocations


You had 27 spell levels left.
You knew the following spells:

 Your Spells              Type           Power      Damage    Failure   Level
a - Sting                 Conj/Alch      100%       1d9       1%          1
b - Mephitic Cloud        Conj/Alch/Air  61%        N/A       1%          3
c - Olgreb's Toxic Radia  Alch           88%        N/A       1%          4
d - Sticky Flame          Fire/Alch      88%        2d13      1%          4
e - Flame Wave            Conj/Fire      69%        2d16      1%          4
f - Ignite Poison         Fire/Alch      88%        N/A       1%          4
g - Eringya's Noxious Bo  Alch           44%        4d6       1%          6
h - Irradiate             Conj/Alch      35%        3d23      3%          5
i - Sculpt Simulacrum     Ice/Alch       33%        N/A       21%         6

Your spell library contained the following spells:

 Spells                   Type           Power      Damage    Failure   Level
 Apportation              Tloc           72%        N/A       1%          1
 Foxfire                  Conj/Fire      100%       2x1d9     1%          1
 Freeze                   Ice            100%       1d10      1%          1
 Kiss of Death            Conj/Necr      100%       2d13      1%          1
 Magic Dart               Conj           100%       1d8       1%          1
 Necrotise                Necr           100%       1d9       1%          1
 Sandblast                Erth           72%        2d16      1%          1
 Shock                    Conj/Air       100%       1d9       1%          1
 Slow                     Hex            100%       N/A       1%          1
 Summon Small Mammal      Summ           100%       N/A       1%          1
 Blink                    Tloc           72%        N/A       1%          2
 Call Imp                 Summ           72%        N/A       1%          2
 Cigotuvi's Dreadful Rot  Necr/Alch/Air  100%       N/A       1%          2
 Ensorcelled Hibernation  Hex/Ice        72%        N/A       1%          2
 Jinxbite                 Hex            72%        N/A       1%          2
 Lesser Beckoning         Tloc           72%        N/A       1%          2
 Mercury Vapours          Alch/Air       100%       N/A       1%          2
 Momentum Strike          Conj/Tloc      78%        3d10      1%          2
 Scorch                   Fire           100%       2d9       1%          2
 Static Discharge         Conj/Air       78%        3-7/arc   1%          2
 Sublimation of Blood     Necr           36%        N/A       1%          2
 Inner Flame              Hex/Fire       67%        N/A       1%          3
 Volatile Blastmotes      Fire/Tloc      100%       2d18      1%          3
 Fulminant Prism          Conj/Alch      35%        3d17      1%          4
 Leda's Liquefaction      Alch/Erth      33%        N/A       1%          4
 Petrify                  Alch/Erth      67%        N/A       1%          4
 Summon Blazeheart Golem  Fire/Summ      67%        N/A       1%          4
 Alistair's Intoxication  Alch           58%        N/A       1%          5
 Call Canine Familiar     Summ           36%        N/A       3%          3
 Confusing Touch          Hex            36%        N/A       3%          3
 Dazzling Flash           Conj/Hex       78%        N/A       3%          3
 Hailstorm                Conj/Ice       39%        3d9       3%          3
 Maxwell's Portable Pile  Tloc           36%        2d(8-24)  3%          3
 Passwall                 Erth           36%        N/A       3%          3
 Sigil of Binding         Hex            36%        N/A       3%          3
 Stone Arrow              Conj/Erth      78%        3d11      3%          3
 Summon Ice Beast         Ice/Summ       36%        N/A       3%          3
 Swiftness                Air            36%        N/A       3%          3
 Teleport Other           Tloc           36%        N/A       3%          3
 Vampiric Draining        Necr           36%        2d8       3%          3
 Fireball                 Conj/Fire      34%        3d14      3%          5
 Yara's Violent Unravell  Hex/Alch       33%        3d14      3%          5
 Brom's Barrelling Bould  Conj/Erth      39%        2d6       11%         4
 Iskenderun's Mystic Bla Conj/Tloc 39%            2d9        (+2d4     11%         4
 Airstrike                Air            18%        2d(3-19)  13%         4
 Animate Armour           Summ/Erth      72%        N/A       13%         4
 Cause Fear               Hex            18%        N/A       13%         4
 Dimensional Bullseye     Hex/Tloc       18%        N/A       13%         4
 Dispel Undead            Necr           36%        3d15      13%         4
 Martyr's Knell           Necr/Summ      36%        N/A       13%         4
 Summon Lightning Spire   Summ/Air       36%        N/A       13%         4
 Starburst                Conj/Fire      34%        6d10      17%         6
 Plasma Beam              Fire/Air       33%        2x1d46    21%         6
 Iskenderun's Battlesphe  Conj           43%        2d9       24%         5
 Arcjolt                  Conj/Air       19%        1d29      28%         5
 Freezing Cloud           Conj/Ice/Air   19%        6-21      30%         5
 Borgnjor's Vile Clutch   Necr/Erth      18%        N/A       34%         5
 Curse of Agony           Necr           36%        N/A       34%         5
 Lee's Rapid Deconstruct  Erth           18%        3d11*     34%         5
 Metabolic Englaciation   Hex/Ice        18%        N/A       34%         5
 Silence                  Hex/Air        18%        N/A       34%         5
 Summon Forest            Summ/Tloc      18%        N/A       34%         5
 Summon Mana Viper        Hex/Summ       36%        N/A       34%         5
 Ignition                 Fire           44%        3d13      67%         8
 Bombard                  Conj/Erth      19%        9d4       85%         6
 Conjure Ball Lightning   Conj/Air       19%        3x3d6     85%         6
 Death Channel            Necr           18%        N/A       89%         6
 Dispersal                Tloc           18%        N/A       89%         6
 Gell's Gavotte           Tloc           18%        2d(19-28) 89%         6
 Permafrost Eruption      Ice/Erth       18%        2x4d5     89%         6
 Enfeeble                 Hex            18%        N/A       100%        7
 Haunt                    Necr/Summ      18%        N/A       100%        7
 Manifold Assault         Tloc           18%        N/A       100%        7
 Monstrous Menagerie      Summ           18%        N/A       100%        7
 Orb of Destruction       Conj           21%        9d8       100%        7
 Spellforged Servitor     Conj/Summ      19%        N/A       100%        7
 Summon Hydra             Summ           18%        N/A       100%        7
 Borgnjor's Revivificati  Necr           18%        N/A       100%        8
 Discord                  Hex            18%        N/A       100%        8
 Disjunction              Tloc           18%        N/A       100%        8
 Lehudib's Crystal Spear  Conj/Erth      19%        10d6      100%        8
 Maxwell's Capacitive Co  Air            18%        ∞         100%        8
 Chain Lightning          Conj/Air       19%        3d26      100%        9
 Death's Door             Necr           18%        N/A       100%        9
 Dragon's Call            Summ           18%        N/A       100%        9
 Fire Storm               Conj/Fire      34%        8d9       100%        9
 Shatter                  Erth           18%        3d17*     100%        9


Dungeon Overview and Level Annotations

Branches:
Dungeon (15/15)            Temple (1/1) D:5            Lair (5/5) D:8
 Shoals (4/4) Lair:2        Snake (4/4) Lair:3        Slime (0/5) Lair:4
    Orc (2/2) D:9             Elf (0/3) Orc:2        Vaults (5/5) D:14
  Crypt (0/3) Vaults:3     Depths (3/4) D:15          Sewer (visited)
  IceCv (visited)         Volcano (visited)          WizLab (visited)

Altars:
Ashenzari
Cheibriados
Dithmenos
Elyvilon
Fedhas
Gozag
Hepliaklqana
Kikubaaqudgha
Makhleb
Nemelex Xobeh
Okawaru
Qazlal
Ru
Sif Muna
Trog
Uskayaw
Vehumet
Wu Jian
Xom
Yredelemnul
Zin
The Shining One
Jiyva

Shops:
D:9 !   Orc:2 :![?*(   Shoals:3 *   Snake:2 =::   Snake:3 :

Portals:
Hell: Depths:1 Depths:2 Depths:3
Abyss: Depths:1 Depths:3
Pandemonium: Orc:2 Depths:2

Annotations:
D:3 Grinder
Snake:4 3 runed translucent doors, exclusion: obsidian statue, Gues's ghost, adept MiBe


Innate Abilities, Weirdness & Mutations

Your serpentine skin is tough. (AC +9)
You have supernaturally acute eyesight. (SInv)
Armour fits poorly on your strangely shaped body.
Your system is resistant to poisons. (rPois)
You cover ground very slowly.
You can exhale a cloud of poison.
You can use your snake-like lower body to constrict enemies.
You have a pair of small horns on your head.
You passively dampen the noise of your surroundings.


Message History

You block the death scarab's attack. x2
The emperor scorpion stings you but does no damage.
The emperor scorpion closely misses you.
The emperor scorpion claws you but does no damage.
The death scarab bites you but does no damage.
The death scarab misses you.
The ushabti shakes and rattles deafeningly!
The royal mummy completely misses you.
The royal mummy calls on the powers of darkness!
Your body is wracked with pain!
* * * LOW HITPOINT WARNING * * *
The emperor scorpion convulses! x2
The emperor scorpion stings you but does no damage.
The emperor scorpion closely misses you.
The emperor scorpion misses you.
The royal mummy points at you and mumbles some strange words.
Something smites you!
* * * LOW HITPOINT WARNING * * *
The guardian mummy is attracted toward you.
Blink to where?
Press: ? - help, Dir - move target 2 mummies, a golden dragon zombie and a guardian mummy come into view.
Found twenty items.
Found two gates leading back out of this place.
Found a stone staircase leading down.
As you read the scroll of blinking, it crumbles to dust.
You feel sick.
The royal mummy mumbles some strange words.
The royal mummy casts a spell at you. Something smites you!
* * * LOW HITPOINT WARNING * * *
You block the mummy's attack.
The royal mummy calls on the powers of darkness!
The emperor scorpion convulses!
Your body is wracked with pain!
* * * LOW HITPOINT WARNING * * *
The emperor scorpion convulses! x2
The royal mummy points at you and mumbles some strange words.
Something smites you!
You die...
Cheibriados appreciates the motionlessness of death.

▓▓▓▓▓▓▓▓▓▓▓▓▓
▓▓...........▓▓
▓▓.###.....###.▓▓
▓▓..#s#.....#)#..▓▓
▓▓[".###..B..###...▓▓
▓▓?[)...Z..sB§.......▓▓
▓▓∩[)?MMBM.BMM.§.......▓
▓)>?[$Z@BZ.9s.B.B.....∩.
▓▓∩:?[M.MMMMMMBBB......▓
▓▓))|....BZ.M........▓▓
▓▓)..###.B...###...▓▓
▓▓..#(#.....#†#..▓▓
▓▓.###.....###.▓▓
▓▓...........▓▓
▓▓▓▓▓▓▓▓▓▓▓▓▓


You could see 4 royal mummies, 3 emperor scorpions, 4 guardian mummies, an
ushabti (black mark, catching breath), 9 death scarabs, 5 mummies, a shadow
dragon simulacrum (black mark), a golden dragon zombie (black mark) and 2 tengu
reaver skeletons.

Vanquished Creatures
  4 ancient liches
  Boris (Vaults:4)
  Vashnia (Snake:4)
  3 Killer Klowns (Zig:10)
  3 pandemonium lords (Zig:10)
  4 royal mummies (Zig:16)
  Margery (Vaults:5)
  A caustic shrike (Zig:6)
  7 golden dragons
  A bone dragon (Depths:3)
  the Enchantress (Depths:1)
  3 hellephants
  A Brimstone Fiend (Zig:9)
  Zenata (Vaults:1)
  A tainted leviathan (Zig:16)
  7 tentacled monstrosities
  8 liches
  A walking crystal tome (Depths:3)
  2 quicksilver dragons (Vaults:5)
  7 titans
  4 searing wretches (Zig:9)
  2 ancient champions (WizLab)
  2 sphinxes
  10 acid blobs
  A tentacled starspawn (Zig:3)
  The ghost of Jocvoh the Marksdemigod, an adept DgHu (Snake:3)
  6 storm dragons
  Agnes (Snake:2)
  4 shadow dragons
  9 tengu reavers
  Aizul (Snake:4)
  3 rockslimes
  5 azure jellies
  8 nagarajas
  3 protean progenitors (Zig:10)
  Ilsuiw (Shoals:2)
  4 revenants (WizLab)
  6 fire giants
  2 spectral caustic shrikes (WizLab)
  20 vault wardens
  3 iron dragons (Depths:3)
  4 deep elf sorcerers
  9 frost giants
  A caustic shrike zombie (WizLab)
  3 orc warlords
  2 balrugs
  3 spriggan defenders (Depths:1)
  27 ironbound preservers
  5 quicksilver oozes
  12 very ugly things
  9 formless jellyfish
  A quicksilver ooze (shapeshifter) (Vaults:5)
  11 ironbound thunderhulks
  3 deep elf death magi
  21 stone giants
  5 halazid warlocks (WizLab)
  A deep elf demonologist (Zig:8)
  2 demonspawn black suns (Zig:16)
  6 vampire knights
  2 bennus (Zig:16)
  2 deep elf annihilators (Vaults:5)
  11 dire elephants
  5 war gargoyles
  A spectral titan (WizLab)
  2 bunyips (Zig:10)
  A red draconian (Volcano)
  9 merfolk impalers
  2 eidola (WizLab)
  11 ettins
  4 merfolk javelineers
  A blizzard demon (Depths:2)
  4 spark wasps
  A spectral quicksilver dragon (WizLab)
  2 jiangshi (WizLab)
  4 mummy priests (Zig:16)
  10 yaktaur captains
  A quicksilver dragon zombie (WizLab)
  7 hydras
  An entropy weaver (shapeshifter) (D:15)
  A hell beast (Depths:3)
  3 deep elf high priests
  6 entropy weavers
  8 great orbs of eyes
  36 vault guards
  Josephine (D:10)
  3 salamander tyrants
  6 fire dragons
  A rakshasa (Depths:1)
  3 peacekeepers
  2 ghost crabs (Zig:7)
  7 ironbound frosthearts
  A quicksilver dragon skeleton (Abyss:2)
  A demonspawn (Orc:2)
  The ghost of olmar the Arsonist, a journeyman MDFE of Gozag (D:11)
  Erica (D:8)
  2 ogre magi
  7 ice dragons
  5 spriggan air magi
  22 anacondas
  A catoblepas (Zig:6)
  11 centaur warriors
  An alligator snapping turtle (Shoals:4)
  6 merfolk avatars
  A two-headed ogre (shapeshifter) (Vaults:5)
  2 two-headed ogres
  9 boulder beetles
  A satyr (Shoals:4)
  15 merfolk aquamancers
  4 death yaks (Lair:5)
  2 hell hogs
  3 tengu warriors (Depths:1)
  7 deep troll earth magi
  3 dancing weapons (Zig:8)
  2 thrashing horrors (Zig:5)
  3 vampire magi
  9 orc high priests
  5 deep troll shamans
  17 naga sharpshooters
  4 occultists
  2 spriggan berserkers (Depths:2)
  17 naga warriors
  8 hell knights
  A soul eater (Orc:2)
  3 sun demons (Abyss:2)
  A deep elf knight (Zig:8)
  3 skeletal warriors
  2 skysharks (shapeshifter) (Vaults:5)
  3 wretched stars
  A shadow wraith (WizLab)
  10 shock serpents
  3 sixfirhies
  Lodul (D:11)
  2 salamander mystics
  5 iron trolls
  3 skysharks
  4 goliath frogs (Zig:7)
  24 sea snakes
  4 flayed ghosts
  A glowing orange brain (Depths:1)
  A deep elf archer (Zig:8)
  12 mana vipers
  A glowing orange brain (shapeshifter) (Vaults:5)
  3 swamp dragons (Zig:7)
  5 arcanists
  77 deep trolls
  33 harpies
  6 naga ritualists
  2 spectral wolf spiders (WizLab)
  A wolf spider zombie (WizLab)
  7 lindwurms
  14 phantasmal warriors
  22 ironbound convokers
  A steelbarb worm (shapeshifter) (Depths:2)
  3 obsidian statues
  4 obsidian bats
  2 orange crystal statues
  15 orc knights
  A human zombie (Vaults:2)
  7 cyclopes
  10 necromancers
  5 shining eyes
  7 deep elf pyromancers
  2 deep elf zephyrmancers (Zig:8)
  9 orc sorcerers
  A wolf spider (Zig:12)
  A wolf spider (shapeshifter) (Zig:10)
  A spectral spriggan (WizLab)
  16 fauns
  14 salamanders
  19 ugly things
  19 manticores
  16 water nymphs
  18 vault sentinels
  9 meliai
  19 naga magi
  An apocalypse crab (Zig:10)
  14 merfolk sirens
  17 elephants
  5 guardian serpents (Snake:4)
  3 kobold blastminers
  50 black mambas
  A molten gargoyle (Volcano)
  A stone giant skeleton (Vaults:2)
  2 eyes of devastation (Zig:14)
  A rust devil (Depths:2)
  A smoke demon (Zig:5)
  4 ice statues
  2 gargoyles
  6 torpor snails
  14 cane toads
  An orange demon (Orc:2)
  10 komodo dragons
  4 large abominations
  2 kobold demonologists (D:14)
  A hellion (Zig:9)
  2 unseen horrors
  25 yaktaurs
  A yaktaur (shapeshifter) (Depths:3)
  A silent spectre (Abyss:2)
  5 rime drakes
  A harpy zombie (WizLab)
  2 efreet
  3 freezing wraiths
  A queen bee (Lair:4)
  5 tengu conjurers
  A troll (shapeshifter) (D:14)
  11 guardian mummies (Zig:16)
  6 trolls
  3 tyrant leeches (Lair:5)
  2 elf simulacra (Vaults:2)
  28 merfolk
  An ancient zyme (Zig:5)
  5 hornets (Lair:5)
  A hellwing (Orc:2)
  15 polar bears
  A jumping spider (Vaults:1)
  A raiju (Lair:5)
  9 wind drakes
  Prince Ribbit (D:7)
  6 glass eyes
  A glass eye (shapeshifter) (Vaults:5)
  A spriggan zombie (WizLab)
  11 blink frogs
  12 dream sheep
  10 snapping turtles
  76 slime creatures
  6 air elementals (Shoals:4)
  A spriggan (shapeshifter) (D:15)
  2 ynoxinuls
  Sigmund (D:3)
  2 shadows (D:11)
  4 spriggans (Depths:1)
  39 yaks
  6 wraiths
  6 wyverns
  19 water elementals
  An ushabti (Zig:16)
  6 vampires
  15 wargs
  4 basilisks
  2 neqoxecs
  2 redbacks (Vaults:1)
  2 steam dragons (D:8)
  A chaos spawn (Zig:10)
  39 nagas
  13 hell hounds (Lair:5)
  An acid dragon (D:11)
  3 great orb of eyes simulacra (IceCv)
  A swamp worm (shapeshifter) (Depths:3)
  An ogre zombie (Vaults:2)
  18 water moccasins
  39 orc warriors
  2 sky beasts
  9 laughing skulls
  14 black bears
  22 ogres
  6 boggarts
  32 wolves
  9 centaurs
  3 slime creature simulacra (IceCv)
  15 bullfrogs
  3 kobold brigands
  A small abomination (Abyss:2)
  A gnoll sergeant (D:9)
  A scorpion (D:7)
  6 glowing shapeshifter simulacra (IceCv)
  16 wights
  26 killer bees
  2 electric eels (Lair:3)
  4 howler monkeys
  2 bombardier beetles
  5 lava snakes (Volcano)
  A quasit (Abyss:2)
  8 jellies
  26 orc priests
  5 hounds
  2 iguanas
  23 orc wizards
  2 sleepcaps (D:5)
  A human skeleton (D:5)
  A hell rat (Sewer)
  5 shapeshifter simulacra (IceCv)
  A hound skeleton (D:5)
  5 mummies (Zig:16)
  Robin (D:3)
  12 adders
  10 gnolls
  2 river rats (Sewer)
  2 white imps
  An ufetubus (D:7)
  A ribbon worm (D:3)
  3 dart slugs
  64 orcs
  5 endoplasms
  8 giant cockroaches
  22 goblins
  8 hobgoblins
  5 jackals (D:3)
  22 kobolds
  4 quokkas
  7 ball pythons
  3 bats
  2 frilled lizards
  12 rats
  A starspawn tentacle (Zig:3)
2140 creatures vanquished.

Vanquished Creatures (others)
  A fire giant (Depths:1)
  A phantasmal warrior (Vaults:5)
  A necromancer (WizLab)
  A manticore (Shoals:4)
  A glass eye (Depths:2)
  A warg (Zig:13)
  An orc warrior (Zig:13)
  A black bear (Lair:2)
  2 foxfires (D:11)
  2 starspawn tentacles
12 creatures vanquished.

Grand Total: 2152 creatures vanquished

Notes
Turn   | Place    | Note
-------+----------+-------------------------------------------
     0 | D:1      | BubbleThief the Naga Alchemist began the quest for the Orb.
     0 | D:1      | Reached XP level 1. HP: 15/15 MP: 3/3
    26 | D:1      | Reached XP level 2. HP: 22/22 MP: 1/5
   268 | D:1      | Reached XP level 3. HP: 26/28 MP: 1/6
   272 | D:1      | Learned a level 3 spell: Mephitic Cloud
  1176 | D:2      | Reached skill level 5 in Alchemy
  1628 | D:3      | Found a glowing drain.
  1631 | D:3      | Reached XP level 4. HP: 36/36 MP: 8/8
  1660 | D:3      | Learned a level 4 spell: Olgreb's Toxic Radiance
  1685 | Sewer    | Entered a sewer
  1810 | Sewer    | Reached XP level 5. HP: 42/42 MP: 1/9
  2430 | D:3      | Found a faded altar of an unknown god.
  2446 | D:3      | Noticed Robin
  2455 | D:3      | Killed Robin
  2556 | D:3      | Noticed Grinder
  2586 | D:3      | Noticed Sigmund
  2591 | D:3      | Killed Sigmund
  2592 | D:3      | Reached XP level 6. HP: 49/49 MP: 2/11
  2946 | D:4      | Learned a level 4 spell: Sticky Flame
  2979 | D:4      | Reached XP level 7. HP: 29/55 MP: 0/14
  3232 | D:4      | Reached skill level 1 in Fire Magic
  3314 | D:4      | Reached skill level 5 in Spellcasting
  3644 | D:5      | Entered Level 5 of the Dungeon
  3685 | D:4      | Reached XP level 8. HP: 46/62 MP: 0/16
  3915 | D:5      | Reached skill level 1 in Short Blades
  4190 | D:5      | Found a staircase to the Ecumenical Temple.
  4198 | Temple   | Entered the Ecumenical Temple
  4271 | Temple   | Became a worshipper of Cheibriados the Contemplative
  4610 | D:5      | Found a burning altar of Makhleb.
  4615 | D:5      | Reached skill level 1 in Fighting
  5108 | D:3      | Found a hide-covered altar of Uskayaw.
  5766 | D:6      | Reached XP level 9. HP: 67/73 MP: 14/19
  5767 | D:6      | Reached * piety under Cheibriados
  5768 | D:6      | Reached skill level 5 in Fire Magic
  6847 | D:7      | Noticed an unseen horror
  7030 | D:7      | Killed an unseen horror
  7030 | D:7      | Reached ** piety under Cheibriados
  7099 | D:7      | Noticed Prince Ribbit
  7104 | D:7      | Killed Prince Ribbit
  7354 | D:7      | Reached XP level 10. HP: 83/86 MP: 17/21
  7508 | D:7      | Reached skill level 5 in Short Blades
  7606 | D:8      | Found a shadowy altar of Dithmenos.
  7721 | D:8      | Learned a level 4 spell: Flame Wave
  7896 | D:8      | Reached skill level 5 in Fighting
  7898 | D:8      | Reached *** piety under Cheibriados
  8034 | D:8      | Noticed Erica
  8044 | D:8      | Killed Erica
  8054 | D:8      | Found a staircase to the Lair.
  8252 | D:9      | Found Bufaaschi's Distillery.
  8380 | D:9      | Found a stormy altar of Qazlal.
  8438 | D:9      | Reached skill level 1 in Shields
  8467 | D:9      | Reached **** piety under Cheibriados
  8476 | D:9      | Reached XP level 11. HP: 53/97 MP: 2/23
  8871 | D:9      | Found an iron altar of Okawaru.
  8887 | D:9      | Found a staircase to the Orcish Mines.
  9188 | D:10     | Entered Level 10 of the Dungeon
  9188 | D:10     | Noticed Josephine
  9325 | D:10     | Killed Josephine
  9343 | D:10     | Reached ***** piety under Cheibriados
 10332 | Lair:1   | Entered Level 1 of the Lair of Beasts
 10360 | Lair:1   | Identified the +9 orcbow of Nightmares {freeze, ^Drain
                  | rF+++ Str+4 Dex-5}
 10808 | Lair:1   | Reached XP level 12. HP: 109/109 MP: 19/25
 10858 | Lair:1   | Reached skill level 5 in Shields
 11565 | Lair:2   | Noticed a skyshark
 11578 | Lair:2   | Killed a skyshark
 11906 | Lair:2   | Reached ****** piety under Cheibriados
 12046 | Lair:2   | Gained mutation: You can use your snake-like lower body to
                  | constrict enemies. [Naga growth]
 12046 | Lair:2   | Reached XP level 13. HP: 113/122 MP: 23/26
 12098 | Lair:2   | Reached skill level 10 in Short Blades
 12166 | Lair:2   | Reached skill level 10 in Fighting
 12544 | Lair:2   | Found a staircase to the Shoals.
 12782 | Lair:3   | Identified a scroll of acquirement
 12782 | Lair:3   | Acquired a manual of Dodging
 12923 | Lair:3   | Reached skill level 10 in Spellcasting
 12926 | Lair:3   | Found a frozen archway.
 12954 | IceCv    | Entered an ice cave
 13136 | IceCv    | Reached skill level 1 in Invocations
 13223 | IceCv    | Reached skill level 2 in Invocations
 13361 | IceCv    | Reached skill level 3 in Invocations
 13365 | IceCv    | Noticed a quicksilver ooze
 13392 | IceCv    | Got the ring "Haesij" {Ice +Blink rPois Slay-3}
 13411 | IceCv    | Killed a quicksilver ooze
 13412 | IceCv    | Reached skill level 4 in Invocations
 13567 | IceCv    | Noticed a quicksilver ooze
 13573 | IceCv    | Killed a quicksilver ooze
 13574 | IceCv    | Reached skill level 5 in Invocations
 14118 | IceCv    | Reached skill level 6 in Invocations
 14184 | IceCv    | Noticed an azure jelly
 14189 | IceCv    | Noticed an azure jelly
 14190 | IceCv    | Killed an azure jelly
 14191 | IceCv    | Reached skill level 7 in Invocations
 14464 | IceCv    | Killed an azure jelly
 14596 | IceCv    | Found a viscous altar of Jiyva.
 14621 | IceCv    | Identified the +0 ice dragon scales of Action {rPois rF-
                  | rC++ Int+2}
 14814 | Lair:3   | Reached skill level 8 in Invocations
 14873 | Lair:3   | Reached XP level 14. HP: 133/133 MP: 22/28
 15434 | Lair:3   | Found a staircase to the Snake Pit.
 16012 | Lair:4   | Reached skill level 9 in Invocations
 16180 | Lair:4   | Identified the +0 scale mail "Xaxuoled" {Will+ Int+3 Dex+5}
 16240 | Lair:4   | Found a viscous altar of Jiyva.
 16241 | Lair:4   | Found a staircase to the Slime Pits.
 16567 | Lair:4   | Acquired a +6 quick blade of venom
 17034 | Lair:5   | Entered Level 5 of the Lair of Beasts
 17189 | Lair:5   | Found a dark tunnel.
 17226 | Volcano  | Entered a volcano
 17374 | Volcano  | Found a burning altar of Makhleb.
 17378 | Volcano  | Noticed a red draconian
 17386 | Volcano  | Killed a red draconian
 18217 | Lair:5   | Reached XP level 15. HP: 70/145 MP: 24/29
 19931 | Orc:1    | Entered Level 1 of the Orcish Mines
 20316 | Orc:2    | Entered Level 2 of the Orcish Mines
 20726 | Orc:2    | Found Joilep's Distillery.
 20727 | Orc:2    | Found Liveg's Magic Scroll Shop.
 20822 | Orc:2    | Bought a scroll of teleportation for 42 gold pieces
 20822 | Orc:2    | Bought 3 scrolls of enchant weapon for 315 gold pieces
 20822 | Orc:2    | Bought a scroll of enchant armour for 105 gold pieces
 20824 | Orc:2    | Bought a potion of magic for 112 gold pieces
 20824 | Orc:2    | Bought a potion of curing for 42 gold pieces
 20824 | Orc:2    | Bought a potion of curing for 42 gold pieces
 20942 | Orc:2    | Found Zexzeluge's Mayhem Merchandise.
 21024 | Orc:2    | Found Ysosost's Weapon Shoppe.
 21075 | Orc:2    | Found a staircase to the Elven Halls.
 21897 | Orc:2    | Found Anlianar's Antique Armour Emporium.
 21897 | Orc:2    | Found Dec Qofi's Book Shoppe.
 21898 | Orc:2    | Found a one-way gate leading to the halls of Pandemonium.
 21976 | Orc:2    | Bought a Trismegistus Codex for 364 gold pieces
 21981 | Orc:2    | Learned a level 4 spell: Ignite Poison
 22550 | D:11     | Found a runed translucent door.
 22550 | D:11     | Noticed olmar's ghost (journeyman MDFE)
 22731 | D:11     | Noticed Lodul
 22742 | D:11     | Killed Lodul
 23066 | D:11     | Killed olmar's ghost
 23264 | D:12     | You fall into a shaft and drop 3 floors!
 23264 | D:15     | Entered Level 15 of the Dungeon
 23327 | D:15     | Reached XP level 16. HP: 26/156 MP: 11/30
 23602 | D:15     | Found a staircase to the Depths.
 23644 | D:15     | Reached skill level 10 in Invocations
 24317 | D:12     | Identified the ring "Qaec" {rElec rF+ rN+}
 24351 | D:12     | Reached skill level 10 in Shields
 24627 | D:12     | Identified the ring "Guneodgh" {rF++ rCorr Str+4}
 25560 | D:14     | Reached skill level 5 in Dodging
 25929 | D:14     | Found a gate to the Vaults.
 27159 | Snake:1  | Entered Level 1 of the Snake Pit
 27339 | Snake:1  | Reached skill level 11 in Invocations
 28875 | Snake:2  | Reached XP level 17. HP: 141/163 MP: 3/32
 29116 | Snake:2  | Identified the +1 ring mail of Fiss {Will+ Str-2 Dex+5}
 29126 | Snake:2  | Learned a level 6 spell: Eringya's Noxious Bog
 29144 | Snake:2  | Found Usyssaon's Book Boutique.
 29146 | Snake:2  | Found Ublivikhlo's Jewellery Emporium.
 29147 | Snake:2  | Found Dutev's Book Boutique.
 29647 | Snake:2  | Reached skill level 12 in Invocations
 29997 | Snake:2  | Noticed Agnes
 30007 | Snake:2  | Killed Agnes
 30538 | Snake:3  | Found Sootaskau's Vocational Training.
 30740 | Snake:3  | Bought a manual of Invocations for 800 gold pieces
 31161 | Snake:3  | Found a runed translucent door.
 31164 | Snake:3  | Noticed Jocvoh's ghost (adept DgHu)
 31175 | Snake:3  | Reached skill level 10 in Dodging
 31229 | Snake:3  | Killed Jocvoh's ghost
 31810 | Snake:4  | Entered Level 4 of the Snake Pit
 32101 | Snake:4  | Identified the serpent talisman of the Rhinotaur {rElec
                  | rN+++ rCorr Stlth-}
 32101 | Snake:4  | Noticed Aizul
 32107 | Snake:4  | Reached skill level 13 in Invocations
 32117 | Snake:4  | Killed Aizul
 32313 | Snake:4  | Found a runed translucent gate.
 32313 | Snake:4  | Found a runed translucent gate.
 32313 | Snake:4  | Found a runed translucent gate.
 32440 | Snake:4  | Found an opulent altar of Gozag.
 32444 | Snake:4  | Noticed Gues's ghost (adept MiBe)
 32650 | Snake:4  | Noticed Vashnia
 32663 | Snake:4  | Reached XP level 18. HP: 161/175 MP: 17/34
 33045 | Snake:4  | Reached skill level 14 in Invocations
 33538 | Snake:4  | Reached skill level 15 in Invocations
 33690 | Snake:4  | Reached skill level 16 in Invocations
 34051 | Snake:4  | Got a serpentine rune of Zot
 34184 | Snake:4  | Killed Vashnia
 34928 | Shoals:1 | Entered Level 1 of the Shoals
 34991 | Shoals:2 | Noticed Ilsuiw
 34996 | Shoals:2 | Killed Ilsuiw
 34999 | Shoals:2 | Reached skill level 17 in Invocations
 35220 | Shoals:4 | Entered Level 4 of the Shoals
 35232 | Shoals:4 | Paralysed by an air elemental for 1 turns
 35659 | Shoals:4 | Paralysed by an air elemental for 1 turns
 35666 | Shoals:4 | Paralysed by an air elemental for 1 turns
 35910 | Shoals:4 | Reached XP level 19. HP: 170/184 MP: 30/35
 35922 | Shoals:4 | Reached skill level 18 in Invocations
 35949 | Shoals:4 | Reached skill level 15 in Fighting
 36093 | Shoals:4 | Paralysed by an air elemental for 1 turns
 36349 | Shoals:4 | Identified the +8 scimitar of Vecothru {heavy, rElec rPois
                  | MP+9 Str+3}
 36378 | Shoals:4 | Got the Encyclopedia of the Volley
 36389 | Shoals:4 | Got a barnacled rune of Zot
 36551 | Shoals:4 | Reached skill level 1 in Armour
 36598 | Shoals:4 | Paralysed by an air elemental for 1 turns
 36676 | Shoals:4 | Found a stormy altar of Qazlal.
 36839 | Shoals:4 | Paralysed by an air elemental for 1 turns
 36843 | Shoals:4 | Paralysed by an air elemental for 1 turns
 37193 | Shoals:3 | Found Fienozas's Fabulous Fripperies.
 37200 | Shoals:3 | Reached skill level 19 in Invocations
 37239 | Shoals:3 | Bought a manual of Fighting for 1280 gold pieces
 37970 | Shoals:2 | Identified the staff "Moth" {Fly rElec rC+ Str-5 Stlth+
                  | Ice}
 39652 | Lair:2   | Upgraded the game from 0.32-a0-909-gc671339a80 to
                  | 0.32-a0-913-g739538afd8
 39885 | Vaults:1 | Entered Level 1 of the Vaults
 39897 | Vaults:1 | Reached skill level 5 in Armour
 40059 | Vaults:1 | Reached XP level 20. HP: 186/199 MP: 33/36
 40371 | Vaults:1 | Noticed Zenata
 40391 | Vaults:1 | Killed Zenata
 41868 | Vaults:2 | Reached skill level 15 in Shields
 42757 | Vaults:2 | Paralysed by a formless jellyfish for 1 turns
 43081 | Vaults:2 | Paralysed by a formless jellyfish for 1 turns
 43089 | Vaults:2 | Reached XP level 21. HP: 209/216 MP: 32/37
 43453 | Vaults:3 | Found a magical portal.
 43462 | WizLab   | Entered Borgnjor's Mausoleum
 44573 | WizLab   | Got the Compilation of Abominable Arts
 45385 | Vaults:3 | Found a staircase to the Crypt.
 45592 | Vaults:3 | Identified the +1 helmet "Foneik" {-Tele rF++ Dex+3}
 45593 | Vaults:3 | Identified the +3 chain mail of Tomogop {rF+ Int+2}
 46257 | Vaults:4 | Reached skill level 20 in Invocations
 46349 | Vaults:4 | Reached XP level 22. HP: 203/230 MP: 28/38
 47293 | Vaults:4 | Identified the +5 rapier "Kuufrojeo" {venom, Str+3 Int+3
                  | Dex+3}
 47530 | Vaults:4 | Reached skill level 21 in Invocations
 47724 | Vaults:4 | Got the Teachings on Flashy Calefaction
 47730 | Vaults:4 | Got the Folio of the Blazing Mantle
 48113 | Vaults:5 | Entered Level 5 of the Vaults
 48113 | Vaults:5 | Noticed Margery
 48116 | Vaults:5 | Reached skill level 22 in Invocations
 48127 | Vaults:5 | Killed Margery
 48135 | Vaults:5 | Reached skill level 23 in Invocations
 48650 | Vaults:5 | Reached XP level 23. HP: 217/240 MP: 25/39
 48818 | Vaults:5 | Noticed an ancient lich
 48841 | Vaults:4 | Killed an ancient lich
 48858 | Vaults:4 | Identified the +4 robe "Wicoqy" {Str+4}
 48858 | Vaults:4 | Noticed Boris
 48881 | Vaults:4 | Killed Boris
 49381 | Vaults:5 | Reached skill level 24 in Invocations
 49386 | Vaults:5 | Noticed an ancient lich
 49390 | Vaults:5 | Noticed a golden dragon
 49486 | Vaults:5 | Identified the +3 mace of the Changing Ancients {drain, rC+
                  | rCorr SInv}
 49488 | Vaults:5 | Killed an ancient lich
 49506 | Vaults:4 | Killed a golden dragon
 49672 | Abyss:2  | Found a corrupted altar of Lugonu.
 49672 | Abyss:2  | Cast into level 2 of the Abyss (a deep elf sorcerer)
 49746 | Abyss:2  | Found a corrupted altar of Lugonu.
 49859 | Abyss:2  | Gained mutation: You passively dampen the noise of your
                  | surroundings. [a neqoxec]
 49945 | Abyss:2  | Found a corrupted altar of Lugonu.
 49981 | Vaults:5 | Escaped the Abyss
 50504 | Vaults:5 | Reached skill level 10 in Armour
 50669 | Vaults:5 | Noticed a golden dragon
 50686 | Vaults:5 | Killed a golden dragon
 51344 | Vaults:5 | Identified the +2 scale mail "Leoret" {Int+2}
 51834 | Vaults:5 | Got The Awakened History of the Warlock
 52076 | Vaults:5 | Identified the ring of Immorality {Fly Dex+4}
 52084 | Vaults:5 | Got a silver rune of Zot
 52379 | Depths:1 | Entered Level 1 of the Depths
 52920 | Depths:1 | Found a one-way gate to the infinite horrors of the Abyss.
 53245 | Depths:1 | Reached XP level 24. HP: 237/249 MP: 39/39
 53714 | Depths:1 | Noticed the Enchantress
 53728 | Depths:1 | Killed the Enchantress
 53897 | Depths:1 | Found a gateway to Hell.
 54180 | Depths:2 | Found a glowing golden altar of the Shining One.
 55217 | Depths:2 | Identified the +10 rapier "Wuwielly" {antimagic, rElec
                  | Dex+2}
 57401 | Depths:3 | Found a one-way gateway to a ziggurat.
 57567 | Depths:3 | Reached skill level 15 in Dodging
 57567 | Depths:3 | Reached XP level 25. HP: 256/256 MP: 33/39
 57822 | Zig:1    | Entered Level 1 of a ziggurat
 57860 | Zig:2    | Entered Level 2 of a ziggurat
 57863 | Zig:2    | Found the +0 pair of fencer's gloves {Riposte Dex+3}
 57908 | Zig:3    | Entered Level 3 of a ziggurat
 58065 | Zig:4    | Entered Level 4 of a ziggurat
 58089 | Zig:4    | Got the Opusculum on the Mutated Volcano
 58108 | Zig:5    | Entered Level 5 of a ziggurat
 58118 | Zig:5    | Gained mutation: You can exhale a cloud of poison. [a
                  | neqoxec]
 58152 | Zig:5    | Identified the amulet "Jenyi" {Reflect Fly Str+3 SH+5}
 58197 | Zig:6    | Entered Level 6 of a ziggurat
 58212 | Zig:6    | Reached skill level 10 in Alchemy
 58235 | Zig:6    | Identified the +3 leather armour of Otes Liu {Dex+2}
 58239 | Zig:7    | Entered Level 7 of a ziggurat
 58268 | Zig:7    | Found the +7 great mace "Firestarter" {flame, immolate,
                  | rFlCloud rF++}
 58282 | Zig:7    | Identified the ring "Cops" {rPois Str+5}
 58286 | Zig:7    | Identified the ring of Etuxesi {Fly rF+ Will+}
 58289 | Zig:7    | Got the Codex of Bodily Humours
 58336 | Zig:8    | Entered Level 8 of a ziggurat
 58346 | Zig:8    | Reached skill level 10 in Fire Magic
 58394 | Zig:8    | Identified the ring "Woud" {Fly rElec}
 58407 | Zig:9    | Entered Level 9 of a ziggurat
 58476 | Zig:9    | Identified the +8 rapier of Conflict {antimagic, Will+}
 58684 | Zig:10   | Entered Level 10 of a ziggurat
 58687 | Zig:10   | Noticed Xitue the pandemonium lord
 58687 | Zig:10   | Noticed a Killer Klown
 58687 | Zig:10   | Noticed Ymen the pandemonium lord
 58688 | Zig:10   | Noticed Epsabb the pandemonium lord
 58688 | Zig:10   | Noticed a Killer Klown
 58689 | Zig:10   | Noticed a Killer Klown
 58692 | Zig:10   | Killed a Killer Klown
 58695 | Zig:10   | Killed Epsabb the pandemonium lord
 58695 | Zig:10   | Killed a Killer Klown
 58695 | Zig:10   | Killed a Killer Klown
 58702 | Zig:10   | Killed Ymen the pandemonium lord
 58715 | Zig:10   | Killed Xitue the pandemonium lord
 58783 | Zig:10   | Identified the ring "Ytupac" {rElec rC+ rN+ Will- AC+4}
 58790 | Zig:10   | Identified the ring "Xigylipt" {rElec rPois rF+ rN+ Dex-5}
 58795 | Zig:10   | Identified the staff of Kaosont {Fly Dex-2 Conj Fire Ice}
 58944 | Zig:11   | Entered Level 11 of a ziggurat
 58979 | Zig:11   | Identified the +5 orcbow of Seevyhir {drain, Will+ Int+4}
 58985 | Zig:11   | Identified the +3 ring mail of the First Snow {rElec rPois}
 58997 | Zig:11   | Reached skill level 15 in Spellcasting
 58997 | Zig:11   | Reached XP level 26. HP: 215/266 MP: 41/42
 58998 | Zig:11   | Reached XP level 27. HP: 222/273 MP: 41/42
 59067 | Zig:12   | Entered Level 12 of a ziggurat
 59071 | Zig:12   | Noticed an ancient lich
 59073 | Zig:12   | Noticed an ancient lich
 59090 | Zig:12   | Killed an ancient lich
 59100 | Zig:12   | Killed an ancient lich
 59142 | Zig:12   | Identified the ring "Jienaesh" {rCorr Str-4 Int+2 Dex+2
                  | SInv}
 59168 | Zig:12   | Identified the +5 long sword of the Trees {drain, rF- rN+++
                  | Int-3 SInv}
 59178 | Zig:12   | Identified the +8 eveningstar "Huicwead" {protect, rC+}
 59188 | Zig:12   | Learned a level 5 spell: Irradiate
 59195 | Zig:12   | Learned a level 6 spell: Sculpt Simulacrum
 59196 | Zig:13   | Entered Level 13 of a ziggurat
 59284 | Zig:13   | Got Sif Muna's Vademecum on Bringing Forth and the Valley
 59287 | Zig:13   | Identified the +3 hand axe of Strategic Superiority {venom,
                  | *Slow rF+ Int+6}
 59292 | Zig:13   | Acquired the +3 pair of gauntlets of War {Slay+5}
 59292 | Zig:13   | Found the +3 pair of gauntlets of War {Slay+5}
 59305 | Zig:13   | Acquired a +1 quick blade of venom
 59316 | Zig:14   | Entered Level 14 of a ziggurat
 59352 | Zig:14   | Found the +16 obsidian axe {drain, demonic, Mesm ^Drain Fly
                  | SInv}
 59354 | Zig:14   | Found the +5 scythe "Finisher" {speed, execute}
 59393 | Zig:14   | Identified the +4 falchion of Plunder {drain, rElec rN+
                  | Int-3 SInv}
 59407 | Zig:14   | Got the Folio of Brumal Kindling
 59424 | Zig:15   | Entered Level 15 of a ziggurat
 59463 | Zig:15   | Gained mutation: You have a pair of small horns on your
                  | head. [a shining eye]
 59534 | Zig:16   | Entered Level 16 of a ziggurat
 59564 | Zig:16   | Noticed a royal mummy
 59564 | Zig:16   | Noticed a royal mummy
 59567 | Zig:16   | Noticed a royal mummy
 59571 | Zig:16   | Noticed a royal mummy
 59577 | Zig:16   | Noticed a royal mummy
 59578 | Zig:16   | Killed a royal mummy
 59578 | Zig:16   | Noticed a royal mummy
 59579 | Zig:16   | Noticed a royal mummy
 59579 | Zig:16   | Killed a royal mummy
 59580 | Zig:16   | Killed a royal mummy
 59580 | Zig:16   | Killed a royal mummy
 59582 | Zig:16   | Noticed a royal mummy
 59591 | Zig:16   | Found the +8 demon trident "Rift" {distort, reach+}
 59591 | Zig:16   | Found the +4 consecrated labrys {holy, Valiant ^Fragile Fly
                  | SInv}
 59591 | Zig:16   | HP: 10/273 [royal mummy/divine providence (9)]
 59591 | Zig:16   | Killed from afar by a royal mummy

Illustrated notes

Levels and vault maps discovered:
D:1:      reono_arrival_forest_river, layout_rooms
D:2:      layout_loops_corners
D:3:      layout_basic, mainiacjoe_overflow_tiny_flanked,
          cheibrodos_sewer_entry_drain, shapermc_ecumenical_altar_rom_forum,
          grunt_decor_mini_mirrors, roderic_lattice_a,
          minmay_randomly_rotated_circles, uniq_robin, uniq_grinder,
          uniq_sigmund
D:4:      layout_rooms
D:5:      layout_loops_ring, makhleb_blood_cavern_becter,
          minmay_temple_entry_hall, chequers_serial_rivers_small_b,
          nicolae_concentric_dashed_squares_wild, grunt_ministairs_12
D:6:      layout_basic
D:7:      layout_gridville, minmay_fractal_squares_5, uniq_prince_ribbit1
D:8:      layout_gridville, lemuel_tele_altar, lair_entry_dummy, uniq_erica
D:9:      layout_roguey, nicolae_overflow_hidden_temple,
          nicolae_qazlal_general_emergency, orc_0_dummy, serial_shops,
          nicolae_shop_tiny_waterfront, nicolae_wwwww
D:10:     layout_small_grid, enter_bailey_8, uniq_josephine
D:11:     layout_loops_ring, hellmonk_ghost_happy_afterlife, uniq_lodul
D:12:     layout_cave_pools, gauntlet_entry_generic
D:13:     layout_basic
D:14:     layout_cross, david_vaults_5
D:15:     grunt_enter_depths_hoard, layout_cave_pods, roderic_roman_lattice,
          minivault_16
Temple:   minmay_temple_bridge_d
Lair:1:   layout_cellular_growth, grunt_megastairs_2, lemuel_fruit_fields
Lair:2:   layout_regular_city, minmay_shoals_entry_hut
Lair:3:   layout_cave_shapes, guppyfry_snake_entry_island, portal_ice_cave_rime,
          chequers_serial_rivers_marsh, dpeg_oklob_1, infiniplex_staircase_pool,
          grunt_megastairs_4
Lair:4:   layout_long_grid, minmay_slime_entry_pillars, special_room
          [special_room_bee], serial_bayou_lagoon_a, lemuel_fruit_fields,
          lemuel_fruit_fields
Lair:5:   wormcave, layout_regular_city, hangedman_lair_caniforms_friends,
          nicolae_volcano_entry_two_sided, lemuel_fruit_fields
Shoals:1: layout_shoals, nicolae_shoals_cliffside_cave, nicolae_shoals_loop_pool
Shoals:2: cheibrodos_shoals_baths, layout_shoals,
          nicolae_shoals_aquamancer_cove, uniq_ilsuiw
Shoals:3: layout_shoals, nicolae_alphabet_shops, dpeg_stationary_puzzle
Shoals:4: shoals_end_hellmonk_storm_palace [storm_palace_center_ruins,
          storm_palace_corner_altar, storm_palace_corner_grid,
          storm_palace_corner_narrow, storm_palace_corner_reverse_hut]
Snake:1:  layout_honeycomb, serial_bayou_shore_b
Snake:2:  layout_cave_shapes, nicolae_snake_gridmaze_tees, lemuel_fruit_tree,
          minmay_shop_grove, uniq_agnes
Snake:3:  minmay_snake_river, layout_onion, ebering_ghost_inner_flame,
          nicolae_shop_vocational
Snake:4:  grunt_snake_rune_pools, layout_grid_maze, ebering_ghost_gozag,
          grunt_megastairs_5, uniq_vashnia, uniq_aizul
Orc:1:    layout_caves, lightli_orcish_oven
Orc:2:    pf_orc_diabolical, layout_diamond_mine, serial_shops, shop,
          minmay_shop_mayhem
Vaults:1: ontoclasm_vaults_shuriken, vaults_mumra_hexcomb, v_pattern_5,
          nicolae_vaults_theta, v_misc_27, grunt_vaults_swirl,
          nicolae_vaults_storage_closets_3, ontoclasm_vaults_gateway,
          layout_vaults_omnigrid, uniq_zenata
Vaults:2: nicolae_vaults_diagonal_hallway_8, grunt_vaults_hallway_short,
          ontoclasm_vaults_fault, hangedman_vaults_pinch,
          nicolae_vaults_cornered_office, vaults_room_ringed_pool,
          ontoclasm_vaults_hangar, nicolae_vaults_offset_grid_hallway_3,
          v_misc_30, nicolae_vaults_alarming, vaults_dpeg_encased_lava,
          nicolae_vaults_crenellated_ambush, vaults_standard_mumra_x,
          nicolae_vaults_little_squares_6, layout_vaults_omnibox
Vaults:3: infiniplex_enter_wizlab_water, v_rooms_3,
          minmay_crypt_entry_vampire_xt, nicolae_vaults_weapon_check, v_misc_10,
          nicolae_vaults_doubleplus_tesselated, grunt_vaults_focal, v_misc_1,
          nicolae_vaults_sealed_display, nicolae_vaults_ring_of_whatevers,
          nicolae_vaults_little_squares_5, ontoclasm_vaults_ring_small,
          ontoclasm_vaults_idyll, layout_vaults_big_room
Vaults:4: nicolae_vaults_trapezoid_lopsided_2, nicolae_vaults_more_shelving_1,
          v_alt_pattern_2, v_misc_26, ontoclasm_vaults_twist,
          nicolae_vaults_stepped_doors, v_misc_11, vaults_room_door_ring,
          nicolae_vaults_sesquioval_fish, vaults_dpeg_hooks,
          nicolae_vaults_library_corner, layout_vaults_ring, uniq_boris
Vaults:5: uniq_margery
Depths:1: layout_cave_shapes, abyss_entry_crystal, pf_hell_entry_tar_spiral,
          kennysheep_dice, uniq_enchantress
Depths:2: hangedman_arch_fort, layout_long_grid, lemuel_crystal_altar,
          hell_entry, rand_demon_pan_entry_8, infiniplex_staircase_squiggle
Depths:3: nicolae_legendary_halls, layout_honeycomb, enter_ziggurat_e,
          minmay_hedge_maze, grunt_mini_vestibule, abyss_entry
Zig:16:   ziggurat_pillar_centre_c, ziggurat_pillar_centre_c,
          ziggurat_pillar_centre_c, ziggurat_pillar_centre_c

Skill      XL: |  1  2  3  4  5  6  7  8  9 10 11 12 13 14 15 16 17 18 19 20 21 22 23 24 25 26 27 |
---------------+----------------------------------------------------------------------------------+-----
Alchemy        | 4 5 7 8 9 11 | 11.0
Spellcasting   | 3 4 5 6 7 8 9 10 11 12 15 19 | 19.0
Fire Magic     | 3 4 6 7 8 9 11 | 11.0
Short Blades   | 2 4 6 7 9 10 12 14 | 14.0
Fighting       | 2 4 6 7 9 10 12 13 14 16 19 20 21 | 21.2
Shields        | 2 4 7 9 11 12 14 15 16 18 | 18.2
Invocations    | 8 9 11 13 17 19 20 23 24 | 24.0
Dodging        | 3 7 10 12 13 15 | 15.2
Armour         | 5 7 9 10 12 | 12.3
Stealth        | |  3.0
Conjurations   | |  1.0

Action                     |  1- 3 |  4- 6 |  7- 9 | 10-12 | 13-15 | 16-18 | 19-21 | 22-24 | 25-27 || total
---------------------------+-------+-------+-------+-------+-------+-------+-------+-------+-------++-------
  Melee: Spear             |     5 |       |       |       |       |       |       |       |       ||     5
         Unarmed           |     1 |       |       |       |       |       |       |       |       ||     1
         Dagger            |     4 |    14 |   111 |   240 |   124 |       |       |       |       ||   493
         Constrict         |       |       |       |       |   207 |   209 |   283 |   171 |    72 ||   942
         Short sword       |       |       |       |       |    88 |       |       |       |       ||    88
         Quick blade       |       |       |       |       |  1008 |  1426 |  2606 |  2798 |   790 ||  8628
         Headbutt          |       |       |       |       |       |       |       |       |     3 ||     3
   Cast: Sting             |    40 |    48 |    30 |    18 |    47 |    46 |    11 |    18 |       ||   258
         Mephitic Cloud    |       |     3 |     2 |    15 |     9 |     2 |    10 |     4 |       ||    45
         Olgreb's Toxic Ra |       |     6 |    18 |    41 |    92 |    39 |    70 |    44 |     6 ||   316
         Sticky Flame      |       |       |    35 |    38 |    92 |    90 |    28 |       |       ||   283
         Flame Wave        |       |       |       |     6 |    10 |     1 |     4 |       |       ||    21
         Ignite Poison     |       |       |       |       |       |    28 |    41 |    89 |    26 ||   184
         Eringya's Noxious |       |       |       |       |       |    25 |    13 |    23 |    25 ||    86
         Sculpt Simulacrum |       |       |       |       |       |       |       |       |     2 ||     2
         Irradiate         |       |       |       |       |       |       |       |       |     1 ||     1
 Invoke: Bend Time         |       |       |       |       |     4 |     2 |       |     1 |     1 ||     8
         Slouch            |       |       |       |       |     6 |    10 |     6 |    12 |    17 ||    51
         Step From Time    |       |       |       |       |       |     1 |       |       |       ||     1
         Temporal Distorti |       |       |       |       |       |       |       |       |     1 ||     1
Ability: Spit Poison       |    29 |    37 |    25 |    26 |    66 |    46 |    34 |    32 |     1 ||   296
         Breathe Poison Ga |       |       |       |       |       |       |       |       |    12 ||    12
  Evoke: Wand              |       |       |       |     1 |       |     1 |       |     1 |       ||     3
    Use: Scroll            |     3 |       |     6 |     3 |    18 |     5 |     5 |       |     3 ||    43
         Potion            |       |       |     2 |       |     2 |     1 |     1 |     1 |     7 ||    14
   Stab: Confused          |       |       |     1 |    16 |    10 |     2 |    17 |     9 |       ||    55
         Sleeping          |       |       |     8 |     8 |    10 |    13 |     1 |     3 |       ||    43
         Distracted        |       |       |     1 |       |       |     1 |     1 |     2 |       ||     5
         Invisible         |       |       |       |       |       |       |       |     2 |       ||     2
         Petrified         |       |       |       |       |       |       |       |       |     3 ||     3
 Armour: Robe              |    24 |    22 |       |       |   151 |   434 |       |       |       ||   631
         Animal skin       |       |     6 |    73 |       |       |       |       |       |       ||    79
         Leather armour    |       |       |    50 |   209 |   449 |       |       |       |       ||   708
         Ice dragon scales |       |       |       |       |       |    95 |   673 |   406 |       ||  1174
         Acid dragon scale |       |       |       |       |       |       |       |   295 |   257 ||   552
         Skin              |       |       |       |       |       |       |       |       |    63 ||    63
  Dodge: Dodged            |    14 |    10 |    53 |    66 |   143 |   278 |   385 |   423 |   217 ||  1589
  Block: Kite shield       |       |       |     5 |    44 |   527 |   853 |  1221 |  1097 |   420 ||  4167
         Buckler           |       |       |       |    40 |       |       |       |       |       ||    40
         Reflection        |       |       |       |       |       |   143 |   105 |    52 |    14 ||   314
Riposte: Quick blade       |       |       |       |       |       |       |       |       |   114 ||   114

Table legend: (Time is in decaauts)
 A = Elapsed time spent in this place.
 B = Non-inter-level travel time spent in this place.
 C = Inter-level travel time spent in this place.
 D = Time resting spent in this place.
 E = Time spent auto-exploring this place.
 F = Levels seen in this place.
 G = Mean time per level.
                   A        B        C        D        E       F      G
               +--------+--------+--------+--------+--------+-----+--------+
         Total | 103873 |  96223 |   7650 |   5457 |  71654 |  60 | 1731.2 |
       Dungeon |  26499 |  23510 |   2989 |    238 |  20172 |  15 | 1766.6 |
        Temple |    230 |      3 |    227 |      0 |      0 |   1 |  230.0 |
          Lair |  14871 |  13167 |   1704 |    364 |  10583 |   5 | 2974.2 |
        Shoals |   8096 |   7835 |    261 |    647 |   5406 |   4 | 2024.0 |
     Snake Pit |  13034 |  12449 |    585 |   1006 |   9213 |   4 | 3258.5 |
  Orcish Mines |   4242 |   3920 |    322 |    175 |   3032 |   2 | 2121.0 |
        Vaults |  18872 |  17879 |    993 |   1372 |  13317 |   5 | 3774.4 |
        Depths |   9900 |   9334 |    566 |     45 |   7541 |   3 | 3300.0 |
         Abyss |    515 |    515 |      0 |      0 |    274 |   1 |  515.0 |
      Ziggurat |   2616 |   2616 |      0 |    554 |      0 |  16 |  163.5 |
         Sewer |    253 |    253 |      0 |      7 |    171 |   1 |  253.0 |
      Ice Cave |   2462 |   2462 |      0 |    500 |   1184 |   1 | 2462.0 |
       Volcano |    730 |    730 |      0 |      0 |    316 |   1 |  730.0 |
        Wizlab |   1548 |   1548 |      0 |    549 |    442 |   1 | 1548.0 |
               +--------+--------+--------+--------+--------+-----+--------+

Top non-repeatable levels by time:
Vaults:4: 4822 daAuts
  Lair:5: 4221 daAuts
 Snake:4: 4174 daAuts
Vaults:5: 3884 daAuts
Depths:3: 3865 daAuts
Vaults:1: 3787 daAuts
Depths:1: 3497 daAuts
Vaults:3: 3435 daAuts
 Snake:2: 3320 daAuts
   Orc:2: 3080 daAuts
    D:13: 3026 daAuts
  Lair:3: 2960 daAuts
Vaults:2: 2942 daAuts
 Snake:3: 2927 daAuts
    D:15: 2869 daAuts
